 Dungeon Crawl Stone Soup version 0.28-a0-909-g796cbd3a86 (webtiles) character file.

Game seed: 2091886750818716440

280 ragingrage the Chopper (level 6, -1/47 HPs)
             Began as a Palentonga Warper on Nov 24, 2021.
             Succumbed to an adder's poison
             ... on level 3 of the Dungeon.
             The game lasted 00:04:38 (3901 turns).

ragingrage the Chopper (Palentonga Warper)          Turns: 3901, Time: 00:04:39

Health: -1/47      AC:  5    Str: 14    XL:     6   Next: 5%
Magic:  9/9        EV:  9    Int: 14    God:
Gold:   151        SH:  0    Dex: 11    Spells: 9/9 levels left

rFire   . . .      SeeInvis +   r - +0 battleaxe
rCold   . . .      Faith    .   (shield currently unavailable)
rNeg    . . .      Spirit   .   b - +0 leather armour
rPois   .          Reflect  .   (no helmet)
rElec   .          Harm     .   n - +0 cloak
rCorr   .          Rampage  .   (no gloves)
Will    .....                   (no barding)
Stlth   +.........              (no amulet)
HPRegen 0.15/turn               (no ring)
MPRegen 0.11/turn               (no ring)

@: lethally poisoned (-1 -> -11)
A: large, rugged brown scales 3, see invisible, deformed body, roll 1, armoured
tail
a: Rolling Charge


You were on level 3 of the Dungeon.
You visited 1 branch of the dungeon, and saw 4 of its levels.

You collected 151 gold pieces.

Inventory:

Hand Weapons
 r - a +0 battleaxe (weapon)
Missiles
 d - 4 boomerangs of dispersal
 e - 6 boomerangs
 j - 13 poisoned darts (quivered)
 k - a throwing net
 u - 5 silver javelins
Armour
 b - a +0 leather armour (worn)
 n - a +0 cloak (worn)
Wands
 a - a wand of polymorph (6)
 m - a wand of flame (23)
Scrolls
 c - a scroll of blinking
 l - a scroll of fog {unknown}
 o - a scroll of identify {unknown}
 s - a scroll of enchant armour {unknown}
 t - a scroll of enchant weapon {unknown}
Potions
 f - a potion of heal wounds {unknown}
 g - 2 potions of curing {unknown}
 h - a potion of degeneration {unknown}
 i - 3 potions of lignification {unknown}
 p - a potion of might {unknown}
 q - a potion of resistance {unknown}


   Skills:
 - Level 2.0 Fighting
 + Level 6.4 Axes
 - Level 0.6 Throwing
 - Level 0.7 Armour
 - Level 1.5 Dodging
 - Level 2.0 Spellcasting
 - Level 3.0 Translocations


You had 9 spell levels left.
You didn't know any spells.
Your spell library contained the following spells:

 Spells                   Type           Power      Damage    Failure   Level
 Apportation              Tloc           18%        N/A       9%          1
 Blink                    Tloc           18%        N/A       13%         2
 Gell's Gravitas          Tloc           9%         N/A       26%         3
 Lesser Beckoning         Tloc           9%         N/A       26%         3
 Teleport Other           Tloc           9%         N/A       26%         3
 Animate Skeleton         Necr           2%         N/A       30%         1
 Summon Small Mammal      Summ           4%         N/A       30%         1
 Manifold Assault         Tloc           9%         N/A       94%         5


Dungeon Overview and Level Annotations

Branches:
Dungeon (4/15)
 Temple: D:4-7

Altars:
Gozag


Innate Abilities, Weirdness & Mutations

You are completely covered in rugged brown scales. (AC +3, +7% HP)
You have supernaturally acute eyesight. (SInv)
Armour fits poorly on your strangely shaped body.
You can roll at nearby foes to attack.
You have a long armoured tail.


Message History

You are too injured to fight recklessly!
The adder hisses angrily.
The adder misses you.
You slash the adder!
The adder is almost dead.
The adder closely misses you. The adder bites you.
You are poisoned.
The adder poisons you!
You barely miss the adder.
The adder is almost dead.
You feel sick. The adder bites you. x2
You are more poisoned.
The adder poisons you!
You hit the adder but do no damage.
The adder is almost dead.
You feel sick. The adder bites you.
You are more poisoned.
The adder poisons you!
You closely miss the adder.
The adder is almost dead.
* * * LOW HITPOINT WARNING * * *
You feel very sick. The adder bites you but does no damage.
The adder completely misses you.
You barely miss the adder.
The adder is almost dead.
* * * LOW HITPOINT WARNING * * *
You feel very sick. The adder bites you.
* * * LOW HITPOINT WARNING * * *
The adder barely misses you.
You miss the adder.
The adder is almost dead.
* * * LOW HITPOINT WARNING * * *
You feel sick. The adder bites you.
* * * LOW HITPOINT WARNING * * *
You are more poisoned.
The adder poisons you! The adder closely misses you.
You slice the adder!!
You kill the adder!
You die...

#..#.#............# #
#....###.##'#.....###### ...#
#.##.###.##.#........... ##.#
#.##.....##.#........... .
#.#########.#........... .. #.#
....#........... ...#### #.#
.####...........
...##....#.######†#########......
...##........).)@....# ####'##
#......####......# #.## ####...#
#......# ####... .'.... .......#
##...... ..##...# #.#'#####
#....... . #...# #.#.# #.######
#...# #..<. #.# # #### ..#.####
#g###### #....# #.#.....


There were no monsters in sight!

Vanquished Creatures
  An ogre (D:3)
  A hound (D:2)
  Ijyb (D:3)
  Robin (D:2)
  5 adders
  A worm (D:2)
  5 orcs (D:3)
  An endoplasm (D:2)
  5 giant cockroaches
  22 goblins
  9 hobgoblins
  4 quokkas
  4 ball pythons
  6 bats
  5 frilled lizards
  A kobold (D:3)
  9 rats
81 creatures vanquished.

Notes
Turn   | Place    | Note
-------+----------+-------------------------------------------
     0 | D:1      | ragingrage the Palentonga Warper began the quest for the
                  | Orb.
     0 | D:1      | Reached XP level 1. HP: 17/17 MP: 3/3
   312 | D:1      | Reached XP level 2. HP: 22/23 MP: 5/5
   361 | D:1      | Reached skill level 3 in Axes
   748 | D:2      | Found an opulent altar of Gozag.
   753 | D:2      | Reached XP level 3. HP: 26/28 MP: 6/6
   880 | D:2      | Identified the -3 helmet of Resilience {-Tele Contam Dex+10
                  | Stlth+}
   880 | D:2      | Noticed Robin
  1275 | D:2      | Killed Robin
  1276 | D:2      | Reached skill level 4 in Axes
  1819 | D:2      | Reached XP level 4. HP: 11/35 MP: 7/7
  2613 | D:3      | Reached skill level 5 in Axes
  2961 | D:3      | Reached XP level 5. HP: 32/40 MP: 8/8
  3171 | D:3      | Noticed an ogre
  3279 | D:3      | Killed an ogre
  3280 | D:3      | Reached skill level 6 in Axes
  3482 | D:3      | Found a faded altar of an unknown god.
  3544 | D:3      | You fall into a shaft and drop 1 floor!
  3857 | D:3      | Noticed Ijyb
  3867 | D:3      | Killed Ijyb
  3868 | D:3      | Reached XP level 6. HP: 25/47 MP: 9/9
  3900 | D:3      | HP: 2/47 [adder (2)]
  3901 | D:3      | Succumbed to an adder's poison

Illustrated notes

Levels and vault maps discovered:
D:1:      minmay_arrival_radiant_lines, layout_rooms, minmay_hexomino_u4
D:2:      layout_basic, basic_altar, chequers_mini_garden, uniq_robin
D:3:      layout_basic, dreamdust_ecumenical_altar_hidden_monk_grotto,
          minmay_statues_item, minmay_ogre_servants, uniq_ijyb
D:4:      layout_basic, serial_shops, shop

Skill      XL: |  1  2  3  4  5 |
---------------+----------------+-----
Axes           | 3 4 5 6 |  6.4
Fighting       | |  2.0
Throwing       | |  0.6
Armour         | |  0.7
Dodging        | |  1.5
Spellcasting   | |  2.0
Translocations | |  3.0

Action                   |  1- 3 |  4- 6 || total
-------------------------+-------+-------++-------
Melee: Hand axe          |   103 |   112 ||   215
       Tailslap          |    12 |     8 ||    20
       Battleaxe         |       |    31 ||    31
Throw: Dart              |     9 |    10 ||    19
       Boomerang         |     1 |     3 ||     4
 Abil: Rolling Charge    |     2 |     6 ||     8
Armor: Leather armour    |    47 |    63 ||   110
Dodge: Dodged            |    69 |    76 ||   145

Table legend: (Time is in decaauts)
 A = Elapsed time spent in this place.
 B = Non-inter-level travel time spent in this place.
 C = Inter-level travel time spent in this place.
 D = Time resting spent in this place.
 E = Time spent auto-exploring this place.
 F = Levels seen in this place.
 G = Mean time per level.
                   A        B        C        D        E       F      G
               +--------+--------+--------+--------+--------+-----+--------+
         Total |   3918 |   3756 |    162 |    947 |   2094 |   4 |  979.5 |
       Dungeon |   3918 |   3756 |    162 |    947 |   2094 |   4 |  979.5 |
               +--------+--------+--------+--------+--------+-----+--------+

Top non-repeatable levels by time:
     D:2: 1566 daAuts
     D:3: 1347 daAuts
     D:1: 996 daAuts
     D:4: 7 daAuts
